 Dungeon Crawl Stone Soup version 0.24.0-3-g28a8eb0610 (webtiles) character file.

Game seed: 8123558758354173631, levelgen mode: deterministic

60 Curus the Poker (level 3, -1/31 HPs)
             Began as a Minotaur Abyssal Knight on Nov 1, 2019.
             Was a Follower of Lugonu.
             Killed by divine providence
             ... invoked by an orc priest
              (14 damage)
             ... on level 2 of the Dungeon.
             The game lasted 00:03:26 (998 turns).

Curus the Poker (Minotaur Abyssal Knight)            Turns: 998, Time: 00:03:26

Health: -1/31      AC:  6    Str: 13 (16) XL:     3   Next: 80%
Magic:  4/4        EV: 10    Int:  7 (9)  God:    Lugonu [*.....]
Gold:   24         SH:  0    Dex:  9 (10) Spells: 2/2 levels left

rFire    . . .     SeeInvis .   a - +1 spear
rCold    . . .     Gourm    .   (no shield)
rNeg     . . .     Faith    .   d - +1 ring mail
rPois    .         Spirit   .   (helmet restricted)
rElec    .         Reflect  .   (no cloak)
rCorr    .         Harm     .   (no gloves)
MR       .....                  (no boots)
Stlth    ..........             (no amulet)
HPRegen  0.10/turn              (no ring)
MPRegen  0.09/turn              (no ring)

@: no status effects
A: retaliatory headbutt, horns 2
a: Depart the Abyss, Renounce Religion


You were on level 2 of the Dungeon.
You worshipped Lugonu.
Lugonu was aware of your devotion.
You were not hungry.

You visited 1 branch of the dungeon, and saw 2 of its levels.
You visited the Abyss 1 time.

You collected 24 gold pieces.

Inventory:

Hand Weapons
 a - a +1 spear (weapon)
Armour
 b - a +0 leather armour
 d - a +1 ring mail (worn)
Scrolls
 f - 2 scrolls of identify
Comestibles
 c - 5 rations


   Skills:
 - Level 3.6 Fighting
 + Level 4.0 Polearms
 - Level 2.4 Armour
 - Level 1.1 Dodging
 + Level 3.1 Invocations


You had 2 spell levels left.
You didn't know any spells.
Your spell library was empty.

Dungeon Overview and Level Annotations

Branches:
Dungeon (2/15)

Altars:


Innate Abilities, Weirdness & Mutations

You reflexively headbutt those who attack you in melee.
You have a pair of horns on your head.


Message History

You kill the orc!
Lugonu accepts your kill.
Your Polearms skill increases to level 4!
You closely miss the orc priest.
You headbutt the orc priest, but do no damage.
The orc priest is lightly wounded.
The orc priest closely misses you.
You hit the orc priest. Your headbutt misses the orc priest.
The orc priest is moderately wounded.
You barely miss the orc priest.
The orc priest is moderately wounded.
The orc priest hits you but does no damage.
You hit the orc priest.
The orc priest is heavily wounded.
The orc priest hits you but does no damage.
You completely miss the orc priest.
The orc priest is heavily wounded.
The orc priest calls down the wrath of Beogh upon you.
Beogh smites you!
You die...

.. #.## #
#..# .# #.##
.# #..###>#
##...>.#
###..######
#####........
#)o@.........
#)#########..
#.....o... .
#.........
.......o..
##.....o..o
#.....o.o.
##........
#........


You could see an orc priest.

Vanquished Creatures
  3 adders (D:2)
  A dart slug (D:1)
  5 orcs (D:2)
  4 bats
  2 giant cockroaches (D:1)
  3 goblins
  A hobgoblin (D:2)
  2 quokkas (D:2)
  A frilled lizard (D:2)
  A kobold (D:1)
  3 rats
26 creatures vanquished.

Notes
Turn   | Place    | Note
-------+----------+-------------------------------------------
     0 | Abyss:1  | Curus the Minotaur Abyssal Knight began the quest for the
                  | Orb.
     0 | Abyss:1  | Reached XP level 1. HP: 19/19 MP: 1/1
     5 | Abyss:1  | Found a corrupted altar of Lugonu.
    20 | Abyss:1  | Noticed a spatial maelstrom
    20 | D:1      | Escaped the Abyss
   315 | D:1      | Reached XP level 2. HP: 26/26 MP: 2/2
   317 | D:1      | Reached skill level 3 in Polearms
   616 | D:2      | Reached * piety under Lugonu
   646 | D:2      | Reached XP level 3. HP: 24/31 MP: 4/4
   993 | D:2      | Reached skill level 4 in Polearms
   998 | D:2      | Killed from afar by an orc priest

Levels and vault maps discovered:
D:1:      dpeg_arrival_shelter, layout_rooms
D:2:      cheibrodos_pilgrimage, layout_rooms, first_ration

Skill      XL: |  1  2  3 |
---------------+----------+-----
Invocations    | 2 3 |  3.1
Polearms       | 3 4 |  4.0
Fighting       | |  3.6
Armour         | |  2.4
Dodging        | |  1.1

Action                   || total
-------------------------++-------
Melee: Spear             ||    90
       Headbutt          ||    11
Invok: Depart the Abyss  ||     1
  Use: Scroll            ||     3
       Potion            ||     3
Armor: Ring mail         ||    30
Dodge: Dodged            ||    43
